 Dungeon Crawl Stone Soup version 0.29.0-4-gdea44cf6ec (webtiles) character file.

Game seed: 845714923098044776

6108 qw the Cleaver (level 10, -16/88 HPs)
             Began as a Minotaur Fighter on Sept 7, 2022.
             Was a Believer of Ru.
             Demolished by a large abomination (30 damage)
             ... on level 9 of the Dungeon.
             The game lasted 00:03:44 (11168 turns).

qw the Cleaver (Minotaur Fighter)                  Turns: 11168, Time: 00:03:45

Health: -16/88     AC: 13    Str: 25    XL:     10   Next: 58%
Magic:  9/9        EV:  9    Int:  4    God:    Ru [**....]
Gold:   75         SH:  5    Dex: 13    Spells: 9/9 levels left

rFire   . . .      SeeInvis .   Y - +0 war axe (freeze)
rCold   . . .      Faith    .   c - +0 buckler
rNeg    . . .      Spirit   .   m - +0 chain mail
rPois   .          Reflect  .   (helmet restricted)
rElec   .          Harm     .   k - +0 cloak
rCorr   .          Rampage  .   b - +1 pair of gloves
Will    .....      Clarity  +   (no boots)
Stlth   ..........              (no amulet)
HPRegen 0.24/turn               (no ring)
MPRegen 0.11/turn               (no ring)

@: no status effects
A: horns 2, no stealth, unskilled 1, retaliatory headbutt, agile 1, clarity,
subdued magic 1
a: Renounce Religion


You were on level 9 of the Dungeon.
You worshipped Ru.
Ru was pleased with you.
You visited 2 branches of the dungeon, and saw 10 of its levels.

You collected 509 gold pieces.
You spent 434 gold pieces at shops.


Innate Abilities, Weirdness & Mutations

You have a pair of horns on your head.
You cannot be stealthy.
You are somewhat unskilled. (-1 Apt)
You reflexively headbutt those who attack you in melee.
You are agile. (Dex +4, Str/Int -1)
You possess an exceptional clarity of mind.
Your spells are a little easier to cast, but a little less powerful.


   Skills:
 - Level 8.0 Fighting
 + Level 14.0 Axes
 - Level 1.3 Throwing
 - Level 6.0 Armour
 - Level 3.0 Dodging
 - Level 5.2 Shields


You had 9 spell levels left.
You didn't know any spells.
Your spell library was empty.

Inventory:

Hand Weapons
 a - a +3 morningstar of protection
 Y - a +0 war axe of freezing (weapon)
Missiles
 e - 5 boomerangs (quivered)
Armour
 b - a +1 pair of gloves (worn)
 c - a +0 buckler (worn)
 k - a +0 cloak (worn)
 m - a +0 chain mail (worn)
Wands
 n - a wand of digging (3)
Scrolls
 g - 3 scrolls of identify
Potions
 d - 3 potions of might
 h - 3 potions of mutation
 j - 4 potions of curing
 l - 3 potions of cancellation
 o - 3 potions of haste

Dungeon Overview and Level Annotations

Branches:
Dungeon (9/15)             Temple (1/1) D:6
   Lair: D:8-11         Orc: D:9-12

Altars:
Cheibriados
Dithmenos
Elyvilon
Fedhas
Gozag
Hepliaklqana
Kikubaaqudgha
Makhleb
Nemelex Xobeh
Okawaru
Qazlal
Ru
Sif Muna
Trog
Uskayaw
Vehumet
Wu Jian
Xom
Yredelemnul
Zin
The Shining One

Shops:
D:3 =   D:7 (   D:8 *!

Annotations:
D:4 2 transporters, qw's ghost, amateur MiFi


Message History

You destroy the small abomination!
You slash the small abomination! You freeze the small abomination.
You headbutt the small abomination!
The small abomination is severely damaged.
The small abomination hits you but does no damage.
You block the small abomination's attack.
You hit the small abomination. You freeze the small abomination.
You destroy the small abomination!
You slash the small abomination! You freeze the small abomination.
The small abomination is heavily damaged.
The small abomination barely misses you.
You furiously retaliate!
You headbutt the small abomination!
A large abomination comes into view.
You barely miss the small abomination.
The small abomination is severely damaged.
The small abomination hits you but does no damage.
You slash the small abomination! You freeze the small abomination.
You destroy the small abomination!
Your Armour skill increases to level 6!
You hit the large abomination but do no damage.
You slash the large abomination! You freeze the large abomination.
The large abomination is moderately damaged.
The large abomination hits you!
You hit the large abomination but do no damage.
The large abomination is moderately damaged.
You hit the large abomination but do no damage.
You headbutt the large abomination, but do no damage.
The large abomination is moderately damaged.
You redirect the large abomination's attack!
The large abomination hits the large abomination!
You hit the large abomination but do no damage.
The large abomination is moderately damaged.
The large abomination hits you!
You hit the large abomination but do no damage.
The large abomination is moderately damaged.
You hit the large abomination. You freeze the large abomination.
Your headbutt misses the large abomination.
The large abomination is heavily damaged.
The large abomination hits you!!
You die... ###### #....# #.....#..... ..x(# #.....#..... xXX

#.....#..... #######X##
#.....#..... #......@.#
#.....#.....
#........####.....#.....
#........#........#.....
#########...)...(######...#.....
#.......###'######....#...#'##..
#...........###..#....#......#..
#!...............#....#......###
#..............(.#....#.........
#................#....#.........


You could see 3 large abominations and 2 small abominations.

Vanquished Creatures
  A large abomination (D:9)
  A wizard (D:9)
  A gargoyle (D:9)
  A hornet (D:8)
  A vampire (D:6)
  Sigmund (D:3)
  6 yaks (D:8)
  4 steam dragons
  5 small abominations (D:9)
  2 acid dragons (D:9)
  A water moccasin (D:6)
  2 orc warriors (D:9)
  2 sky beasts
  A black bear (D:6)
  An ogre (D:5)
  2 centaurs (D:9)
  3 kobold brigands
  A necrophage (D:5)
  A scorpion (D:6)
  9 wights
  5 killer bees (D:8)
  A howler monkey (D:6)
  2 jellies
  3 orc priests
  A gnoll bouda (D:5)
  An iguana (D:6)
  Ijyb (D:3)
  4 orc wizards
  Terence (D:3)
  10 gnolls
  7 adders
  2 white imps
  2 ufetubi
  3 worms
  A dart slug (D:1)
  32 orcs
  7 ball pythons
  8 bats
  5 endoplasms
  A giant cockroach (D:1)
  4 goblins
  5 hobgoblins
  4 jackals
  25 kobolds
  3 quokkas
  3 frilled lizards
  10 rats
197 creatures vanquished.

Vanquished Creatures (others)
  A gnoll zombie (D:7)
  2 demonic plants (D:1)
  4 fungi (D:1)
  2 plants
  2 withered plants (D:1)
11 creatures vanquished.

Grand Total: 208 creatures vanquished

Notes
Turn   | Place    | Note
-------+----------+-------------------------------------------
     0 | D:1      | qw the Minotaur Fighter began the quest for the Orb.
     0 | D:1      | Reached XP level 1. HP: 19/19 MP: 0/0
     0 | D:1      | 0 ||| qw: Version: 0.1-a-108-g9e35731
     0 | D:1      | 0 ||| qw: Game counter: 6563
     0 | D:1      | 0 ||| qw: Always use a shield: true
     0 | D:1      | 0 ||| qw: God list: Ru
     0 | D:1      | 0 ||| qw: Allow faded altars: false
     0 | D:1      | 0 ||| qw: Do Orc after D:15 true
     0 | D:1      | 0 ||| qw: Do second Lair branch before Depths: true
     0 | D:1      | 0 ||| qw: Lair rune preference: random
     0 | D:1      | 0 ||| qw: Plans: Normal
     0 | D:1      | 0 ||| PLANNING D:1-11
   105 | D:1      | Reached skill level 3 in Axes
   283 | D:1      | Reached XP level 2. HP: 26/26 MP: 1/1
   287 | D:1      | 287 ||| Stepping ~*~*~tactically~*~*~ (stealth).
   288 | D:1      | 288 ||| Stepping ~*~*~tactically~*~*~ (stealth).
   398 | D:1      | Found a faded altar of an unknown god.
   512 | D:1      | Reached skill level 4 in Axes
   760 | D:1      | Reached XP level 3. HP: 30/31 MP: 2/2
   795 | D:1      | 795 ||| UPGRADING to +0 pair of gloves.
   800 | D:1      | 800 ||| UPGRADING to +0 cloak.
   805 | D:1      | 805 ||| READING scroll labelled GETYWU BADE.
   806 | D:1      | 806 ||| READING scroll labelled GUYSME ZYUSTARHI.
   807 | D:1      | 807 ||| READING scroll labelled XEKEWO ENGIY.
  1144 | D:2      | 1144 ||| Stepping ~*~*~tactically~*~*~ (stealth).
  1145 | D:2      | 1145 ||| Stepping ~*~*~tactically~*~*~ (stealth).
  1158 | D:2      | Found a white marble altar of Elyvilon.
  1228 | D:2      | Reached skill level 5 in Axes
  1523 | D:2      | Reached skill level 1 in Dodging
  1612 | D:2      | 1612 ||| Stepping ~*~*~tactically~*~*~ (stealth).
  1613 | D:2      | 1613 ||| Stepping ~*~*~tactically~*~*~ (stealth).
  1620 | D:2      | Reached XP level 4. HP: 39/39 MP: 3/3
  1836 | D:2      | 1836 ||| UPGRADING to +0 chain mail.
  1846 | D:2      | 1846 ||| DROPPING +0 scale mail.
  1847 | D:2      | 1847 ||| READING scroll labelled VAIXOTS POTTYT.
  1848 | D:2      | 1848 ||| DRINKING 2 bubbling silvery potions.
  1849 | D:2      | 1849 ||| READING 2 scrolls of identify.
  1849 | D:2      | 1849 ||| IDENTIFYING fuming cyan potion
  1850 | D:2      | 1850 ||| DROPPING potion of degeneration.
  1865 | D:3      | Found Fachuikh's Jewellery Emporium.
  1871 | D:3      | 1871 ||| SHOPLISTING +6 ring of strength (360 gold, have
                  | 144).
  1871 | D:3      | 1871 ||| SHOPLISTING amulet of reflection (300 gold, have
                  | 144).
  1871 | D:3      | 1871 ||| SHOPLISTING ring of fire (250 gold, have 144).
  1871 | D:3      | 1871 ||| SHOPLISTING ring of positive energy (200 gold,
                  | have 144).
  1871 | D:3      | 1871 ||| SHOPLISTING ring of see invisible (150 gold, have
                  | 144).
  1901 | D:3      | Found an ancient bone altar of Kikubaaqudgha.
  1929 | D:3      | Reached skill level 6 in Axes
  1929 | D:3      | Reached XP level 5. HP: 39/45 MP: 4/4
  2016 | D:3      | Noticed Sigmund
  2017 | D:3      | 2017 ||| Stepping ~*~*~tactically~*~*~ (hiding).
  2019 | D:3      | Noticed Ijyb
  2022 | D:3      | Paralysed by Ijyb for 5 turns
  2032 | D:3      | Killed Sigmund
  2033 | D:3      | Reached skill level 7 in Axes
  2033 | D:3      | Reached XP level 6. HP: 27/51 MP: 5/5
  2035 | D:3      | Killed Ijyb
  2261 | D:3      | Found a white marble altar of Elyvilon.
  2395 | D:3      | Noticed Terence
  2404 | D:3      | Killed Terence
  2569 | D:3      | 2569 ||| Stepping ~*~*~tactically~*~*~ (stealth).
  2575 | D:3      | 2575 ||| Stepping ~*~*~tactically~*~*~ (stealth).
  2575 | D:3      | Found a stormy altar of Qazlal.
  2586 | D:3      | 2586 ||| DROPPING +0 whip.
  2612 | D:3      | Reached skill level 8 in Axes
  2646 | D:3      | 2646 ||| READING scroll labelled CEPLEGE NAROTEXARY.
  2647 | D:3      | 2647 ||| READING 2 scrolls labelled GUPLOUBEEPT.
  2648 | D:3      | 2648 ||| DRINKING 2 green potions.
  2648 | D:3      | Gained mutation: You possess an exceptional clarity of
                  | mind. [potion of mutation]
  2648 | D:3      | Gained mutation: Your spells are a little easier to cast,
                  | but a little less powerful. [potion of mutation]
  2648 | D:3      | Gained mutation: You are agile. (Dex +4, Str/Int -1)
                  | [potion of mutation]
  2649 | D:3      | 2649 ||| DRINKING 2 fizzy orange potions.
  2650 | D:3      | 2650 ||| READING 2 scrolls of identify.
  2650 | D:3      | 2650 ||| IDENTIFYING fizzy emerald potion
  2651 | D:3      | 2651 ||| DROPPING scroll of noise.
  2652 | D:3      | 2652 ||| DROPPING potion of ambrosia.
  2653 | D:3      | 2653 ||| Stepping randomly (stuck).
  2654 | D:3      | 2654 ||| Stepping ~*~*~tactically~*~*~ (cloud).
  2814 | D:4      | Found a transporter.
  2900 | D:4      | Found a transporter.
  2926 | D:4      | Noticed qw's ghost (amateur MiFi)
  3058 | D:4      | Found an ornate altar of the Wu Jian Council.
  3132 | D:4      | 3132 ||| DROPPING amulet of magic regeneration.
  3133 | D:4      | 3133 ||| READING scroll labelled FYT USOMNE.
  3134 | D:4      | 3134 ||| READING 3 scrolls of identify.
  3134 | D:4      | 3134 ||| IDENTIFYING silvery potion
  3135 | D:4      | 3135 ||| READING 2 scrolls of identify.
  3135 | D:4      | 3135 ||| IDENTIFYING fuming white potion
  3136 | D:4      | 3136 ||| DROPPING potion of attraction.
  3163 | D:5      | Entered Level 5 of the Dungeon
  3167 | D:5      | 3167 ||| STAIRDANCE
  3173 | D:4      | 3173 ||| DROPPING +0 flail.
  3250 | D:5      | 3250 ||| FLEEEEING.
  3251 | D:5      | 3251 ||| FLEEEEING.
  3252 | D:5      | 3252 ||| FLEEEEING.
  3253 | D:5      | 3253 ||| FLEEEEING.
  3254 | D:5      | 3254 ||| FLEEEEING.
  3255 | D:5      | 3255 ||| FLEEEEING.
  3256 | D:5      | 3256 ||| FLEEEEING.
  3257 | D:5      | 3257 ||| FLEEEEING.
  3258 | D:5      | 3258 ||| FLEEEEING.
  3259 | D:5      | 3259 ||| FLEEEEING.
  3260 | D:5      | 3260 ||| FLEEEEING.
  3261 | D:5      | 3261 ||| FLEEEEING.
  3263 | D:5      | 3263 ||| FLEEEEING.
  3264 | D:5      | 3264 ||| STAIRDANCE
  3355 | D:4      | 3355 ||| DRINKING 2 murky black potions.
  3365 | D:5      | 3365 ||| STAIRDANCE
  3605 | D:5      | Reached skill level 9 in Axes
  3605 | D:5      | Reached XP level 7. HP: 55/59 MP: 6/6
  3746 | D:5      | 3746 ||| Stepping ~*~*~tactically~*~*~ (stealth).
  3748 | D:5      | 3748 ||| Stepping ~*~*~tactically~*~*~ (hiding).
  3750 | D:5      | 3750 ||| Stepping ~*~*~tactically~*~*~ (hiding).
  3751 | D:5      | 3751 ||| Stepping ~*~*~tactically~*~*~ (hiding).
  3833 | D:5      | Found a shadowy altar of Dithmenos.
  3857 | D:5      | Found a glowing golden altar of the Shining One.
  4006 | D:5      | 4006 ||| Stepping ~*~*~tactically~*~*~ (stealth).
  4008 | D:5      | 4008 ||| Stepping ~*~*~tactically~*~*~ (stealth).
  4436 | D:5      | Found a basalt altar of Yredelemnul.
  4436 | D:5      | Found a radiant altar of Vehumet.
  4438 | D:5      | Found a snail-covered altar of Cheibriados.
  4438 | D:5      | Found a burning altar of Makhleb.
  4815 | D:5      | 4815 ||| UPGRADING to +1 pair of gloves.
  4825 | D:5      | 4825 ||| DROPPING +0 pair of gloves.
  4852 | D:6      | Found a staircase to the Ecumenical Temple.
  4853 | D:6      | 4853 ||| PLANNING TEMPLE
  4867 | D:6      | Reached skill level 10 in Axes
  4873 | D:6      | 4873 ||| FLEEEEING.
  4877 | D:6      | 4877 ||| STAIRDANCE
  4962 | Temple   | Entered the Ecumenical Temple
  5102 | Temple   | 5102 ||| PLANNING D:1-11
  5229 | D:6      | Found a sacrificial altar of Ru.
  5237 | D:6      | Became a worshipper of Ru the Awakened
  5340 | D:6      | Reached XP level 8. HP: 68/68 MP: 7/7
  5410 | D:6      | 5410 ||| Stepping ~*~*~tactically~*~*~ (hiding).
  5418 | D:6      | Reached skill level 6 in Fighting
  5688 | D:6      | 5688 ||| FLEEEEING.
  5689 | D:6      | 5689 ||| FLEEEEING.
  5690 | D:6      | 5690 ||| FLEEEEING.
  5691 | D:6      | 5691 ||| FLEEEEING.
  5692 | D:6      | 5692 ||| FLEEEEING.
  5693 | D:6      | 5693 ||| FLEEEEING.
  5694 | D:6      | 5694 ||| FLEEEEING.
  5695 | D:6      | 5695 ||| FLEEEEING.
  5696 | D:6      | 5696 ||| FLEEEEING.
  5698 | D:6      | 5698 ||| FLEEEEING.
  5699 | D:6      | 5699 ||| FLEEEEING.
  5700 | D:6      | 5700 ||| FLEEEEING.
  5701 | D:6      | 5701 ||| FLEEEEING.
  5702 | D:6      | 5702 ||| FLEEEEING.
  5703 | D:6      | 5703 ||| FLEEEEING.
  5704 | D:6      | 5704 ||| FLEEEEING.
  5705 | D:6      | 5705 ||| FLEEEEING.
  5706 | D:6      | 5706 ||| FLEEEEING.
  5707 | D:6      | 5707 ||| FLEEEEING.
  5708 | D:6      | 5708 ||| FLEEEEING.
  5709 | D:6      | 5709 ||| FLEEEEING.
  5710 | D:6      | 5710 ||| FLEEEEING.
  5711 | D:6      | 5711 ||| FLEEEEING.
  5712 | D:6      | 5712 ||| FLEEEEING.
  5713 | D:6      | 5713 ||| FLEEEEING.
  5714 | D:6      | 5714 ||| FLEEEEING.
  5715 | D:6      | 5715 ||| FLEEEEING.
  5716 | D:6      | 5716 ||| FLEEEEING.
  5717 | D:6      | 5717 ||| FLEEEEING.
  5718 | D:6      | 5718 ||| FLEEEEING.
  5719 | D:6      | 5719 ||| FLEEEEING.
  5720 | D:6      | 5720 ||| FLEEEEING.
  5722 | D:6      | 5722 ||| FLEEEEING.
  5723 | D:6      | 5723 ||| FLEEEEING.
  5725 | D:6      | 5725 ||| FLEEEEING.
  5726 | D:6      | 5726 ||| FLEEEEING.
  5728 | D:6      | 5728 ||| FLEEEEING.
  5729 | D:6      | 5729 ||| FLEEEEING.
  5730 | D:6      | 5730 ||| FLEEEEING.
  5731 | D:6      | 5731 ||| FLEEEEING.
  5732 | D:6      | 5732 ||| FLEEEEING.
  5733 | D:6      | 5733 ||| FLEEEEING.
  5734 | D:6      | 5734 ||| FLEEEEING.
  5735 | D:6      | 5735 ||| FLEEEEING.
  5736 | D:6      | 5736 ||| FLEEEEING.
  5737 | D:6      | 5737 ||| FLEEEEING.
  5738 | D:6      | 5738 ||| FLEEEEING.
  5739 | D:6      | 5739 ||| FLEEEEING.
  5740 | D:6      | 5740 ||| FLEEEEING.
  5741 | D:6      | 5741 ||| FLEEEEING.
  5742 | D:6      | 5742 ||| FLEEEEING.
  5743 | D:6      | 5743 ||| FLEEEEING.
  5744 | D:6      | 5744 ||| FLEEEEING.
  5745 | D:6      | 5745 ||| FLEEEEING.
  5746 | D:6      | 5746 ||| FLEEEEING.
  5747 | D:6      | 5747 ||| FLEEEEING.
  5748 | D:6      | 5748 ||| FLEEEEING.
  5749 | D:6      | 5749 ||| FLEEEEING.
  5750 | D:6      | 5750 ||| STAIRDANCE
  5863 | D:6      | Reached skill level 11 in Axes
  6613 | D:6      | 6613 ||| Stepping ~*~*~tactically~*~*~ (stealth).
  6660 | D:6      | Found a hazy altar of Hepliaklqana.
  6810 | D:7      | Found a hide-covered altar of Uskayaw.
  6832 | D:7      | 6832 ||| Stepping ~*~*~tactically~*~*~ (hiding).
  6842 | D:7      | Reached skill level 12 in Axes
  6947 | D:7      | 6947 ||| Stepping ~*~*~tactically~*~*~ (hiding).
  6970 | D:7      | 6970 ||| INVOKING Sacrifice Stealth.
  6970 | D:7      | Gained mutation: You cannot be stealthy. [Ru sacrifice]
  7166 | D:7      | Found Duavathi's Antique Weapon Emporium.
  7174 | D:7      | 7174 ||| READING 2 scrolls of identify.
  7174 | D:7      | 7174 ||| IDENTIFYING metallic purple potion
  7302 | D:7      | 7302 ||| FLEEEEING.
  7303 | D:7      | 7303 ||| FLEEEEING.
  7304 | D:7      | 7304 ||| FLEEEEING.
  7305 | D:7      | 7305 ||| FLEEEEING.
  7308 | D:7      | 7308 ||| FLEEEEING.
  7309 | D:7      | 7309 ||| FLEEEEING.
  7310 | D:7      | 7310 ||| FLEEEEING.
  7311 | D:7      | 7311 ||| FLEEEEING.
  7312 | D:7      | 7312 ||| FLEEEEING.
  7313 | D:7      | 7313 ||| FLEEEEING.
  7315 | D:7      | 7315 ||| FLEEEEING.
  7316 | D:7      | 7316 ||| FLEEEEING.
  7317 | D:7      | 7317 ||| FLEEEEING.
  7318 | D:7      | 7318 ||| FLEEEEING.
  7319 | D:7      | 7319 ||| FLEEEEING.
  7320 | D:7      | 7320 ||| FLEEEEING.
  7321 | D:7      | 7321 ||| FLEEEEING.
  7322 | D:7      | 7322 ||| FLEEEEING.
  7323 | D:7      | 7323 ||| FLEEEEING.
  7324 | D:7      | 7324 ||| FLEEEEING.
  7325 | D:7      | 7325 ||| FLEEEEING.
  7326 | D:7      | 7326 ||| FLEEEEING.
  7327 | D:7      | 7327 ||| FLEEEEING.
  7331 | D:7      | 7331 ||| STAIRDANCE
  7417 | D:6      | 7417 ||| DROPPING potion of brilliance.
  7487 | D:7      | 7487 ||| Stepping ~*~*~tactically~*~*~ (stealth).
  7489 | D:7      | 7489 ||| Stepping ~*~*~tactically~*~*~ (stealth).
  7574 | D:7      | 7574 ||| Stepping ~*~*~tactically~*~*~ (stealth).
  7584 | D:7      | Reached XP level 9. HP: 67/78 MP: 8/8
  7584 | D:7      | 7584 ||| FLEEEEING.
  7586 | D:7      | 7586 ||| FLEEEEING.
  7587 | D:7      | 7587 ||| FLEEEEING.
  7588 | D:7      | 7588 ||| FLEEEEING.
  7589 | D:7      | 7589 ||| FLEEEEING.
  7590 | D:7      | 7590 ||| FLEEEEING.
  7591 | D:7      | 7591 ||| FLEEEEING.
  7592 | D:7      | 7592 ||| FLEEEEING.
  7593 | D:7      | 7593 ||| FLEEEEING.
  7594 | D:7      | 7594 ||| FLEEEEING.
  7595 | D:7      | 7595 ||| FLEEEEING.
  7596 | D:7      | 7596 ||| FLEEEEING.
  7597 | D:7      | 7597 ||| FLEEEEING.
  7598 | D:7      | 7598 ||| FLEEEEING.
  7599 | D:7      | 7599 ||| FLEEEEING.
  7600 | D:7      | 7600 ||| FLEEEEING.
  8091 | D:8      | Found a shimmering blue altar of Sif Muna.
  8113 | D:8      | 8113 ||| FLEEEEING.
  8114 | D:8      | 8114 ||| FLEEEEING.
  8115 | D:8      | 8115 ||| FLEEEEING.
  8197 | D:8      | 8197 ||| Stepping ~*~*~tactically~*~*~ (stealth).
  8205 | D:8      | Reached skill level 1 in Throwing
  8480 | D:8      | Found an iron altar of Okawaru.
  8644 | D:8      | Found Rilef's Distillery.
  8649 | D:8      | Paralysed by a hornet for 1 turns
  8651 | D:8      | HP: 16/79 [hornet (5)]
  8652 | D:8      | Reached skill level 3 in Dodging
  8652 | D:8      | 8652 ||| DRINKING 2 potions of heal wounds.
  8652 | D:8      | Paralysed by a hornet for 1 turns
  8654 | D:8      | 8654 ||| DRINKING potion of heal wounds.
  8855 | D:8      | 8855 ||| BUYING potion of cancellation (112 gold).
  8855 | D:8      | Bought a potion of cancellation for 112 gold pieces
  8855 | D:8      | 8855 ||| BUYING potion of curing (42 gold).
  8855 | D:8      | Bought a potion of curing for 42 gold pieces
  8855 | D:8      | 8855 ||| BUYING potion of haste (140 gold).
  8855 | D:8      | Bought a potion of haste for 140 gold pieces
  8855 | D:8      | 8855 ||| BUYING potion of haste (140 gold).
  8855 | D:8      | Bought a potion of haste for 140 gold pieces
  8855 | D:8      | 8855 ||| SHOPLISTING potion of haste (140 gold, have 13).
  8855 | D:8      | 8855 ||| SHOPLISTING potion of heal wounds (70 gold, have
                  | 13).
  8855 | D:8      | 8855 ||| READING scroll labelled IBA HEKLOJYEDOIF.
  8857 | D:8      | Found Binlauh's Changing Room.
  8868 | D:8      | 8868 ||| SHOPLISTING potion of mutation (112 gold, have
                  | 13).
  9055 | D:8      | 9055 ||| Stepping ~*~*~tactically~*~*~ (stealth).
  9057 | D:8      | 9057 ||| Stepping ~*~*~tactically~*~*~ (hiding).
  9180 | D:8      | Reached skill level 13 in Axes
  9191 | D:8      | 9191 ||| FLEEEEING.
  9192 | D:8      | 9192 ||| FLEEEEING.
  9193 | D:8      | 9193 ||| FLEEEEING.
  9194 | D:8      | 9194 ||| FLEEEEING.
  9195 | D:8      | 9195 ||| FLEEEEING.
  9196 | D:8      | 9196 ||| FLEEEEING.
  9197 | D:8      | 9197 ||| FLEEEEING.
  9198 | D:8      | 9198 ||| FLEEEEING.
  9200 | D:8      | 9200 ||| FLEEEEING.
  9201 | D:8      | 9201 ||| FLEEEEING.
  9202 | D:8      | 9202 ||| FLEEEEING.
  9203 | D:8      | 9203 ||| FLEEEEING.
  9205 | D:8      | 9205 ||| FLEEEEING.
  9206 | D:8      | 9206 ||| FLEEEEING.
  9207 | D:8      | 9207 ||| FLEEEEING.
  9208 | D:8      | 9208 ||| FLEEEEING.
  9209 | D:8      | 9209 ||| FLEEEEING.
  9210 | D:8      | 9210 ||| FLEEEEING.
  9211 | D:8      | 9211 ||| FLEEEEING.
  9213 | D:8      | 9213 ||| FLEEEEING.
  9214 | D:8      | 9214 ||| FLEEEEING.
  9215 | D:8      | 9215 ||| FLEEEEING.
  9216 | D:8      | 9216 ||| FLEEEEING.
  9217 | D:8      | 9217 ||| FLEEEEING.
  9218 | D:8      | 9218 ||| FLEEEEING.
  9219 | D:8      | 9219 ||| FLEEEEING.
  9220 | D:8      | 9220 ||| FLEEEEING.
  9276 | D:8      | 9276 ||| FLEEEEING.
  9370 | D:8      | 9370 ||| Stepping ~*~*~tactically~*~*~ (stealth).
  9718 | D:8      | 9718 ||| READING 4 scrolls of identify.
  9718 | D:8      | 9718 ||| IDENTIFYING viscous ruby potion
  9719 | D:8      | 9719 ||| DROPPING potion of magic.
  9844 | D:9      | Reached skill level 14 in Axes
  9844 | D:9      | Reached XP level 10. HP: 59/88 MP: 9/9
 10207 | D:9      | 10207 ||| Stepping ~*~*~tactically~*~*~ (hiding).
 10209 | D:9      | 10209 ||| Stepping ~*~*~tactically~*~*~ (hiding).
 10210 | D:9      | 10210 ||| Stepping ~*~*~tactically~*~*~ (hiding).
 10316 | D:9      | 10316 ||| INVOKING Sacrifice Skill.
 10316 | D:9      | Gained mutation: You are somewhat unskilled. (-1 Apt) [Ru
                  | sacrifice]
 10316 | D:9      | Reduced skill Axes to level 12
 10316 | D:9      | Reached * piety under Ru
 10316 | D:9      | Reached ** piety under Ru
 10323 | D:9      | 10323 ||| READING scroll of brand weapon.
 10323 | D:9      | 10323 ||| BRANDING +0 war axe of chaos.
 10330 | D:9      | Reached skill level 3 in Dodging
 10337 | D:9      | Reached skill level 13 in Axes
 10450 | D:9      | Noticed a gargoyle
 10459 | D:9      | Killed a gargoyle
 10636 | D:9      | 10636 ||| Stepping ~*~*~tactically~*~*~ (hiding).
 10998 | D:9      | Noticed a wizard
 11004 | D:9      | Killed a wizard
 11134 | D:9      | Noticed a large abomination
 11134 | D:9      | Noticed a large abomination
 11144 | D:9      | Killed a large abomination
 11148 | D:9      | Reached skill level 14 in Axes
 11162 | D:9      | Reached skill level 6 in Armour
 11166 | D:9      | HP: 14/88 [large abomination (12)]
 11168 | D:9      | Demolished by a large abomination

Levels and vault maps discovered:
D:1:      lightli_arrival_isolated_outpost, layout_rooms,
          shapermc_ecumenical_altar_gd, minivault_24
D:2:      minmay_skewed_foursquare, layout_loops_corners, basic_altar
D:3:      layout_basic, amcnicky_altar_gilded,
          nicolae_kikubaaqudgha_miasma_corner, elyvilon_altar_1, serial_shops,
          nicolae_shop_temple_entry_statues_fountains, uniq_terence, uniq_ijyb,
          uniq_sigmund
D:4:      layout_rooms, mainiacjoe_overflow_alcove_4, gammafunk_ghost_mausoleum
D:5:      layout_layer_cave, mainiacjoe_overflow_alcove_3,
          grunt_dithmenos_smoke, mainiacjoe_overflow_small_starburst
D:6:      layout_basic, worldfamousw_hep_ancestral_shrine,
          lemuel_coloured_pillars_altar, minmay_temple_entry_statues_fountains
D:7:      layout_basic, mainiacjoe_overflow_24_doors, serial_shops,
          nicolae_shop_temple_entry_statues_fountains, kennysheep_cross_room
D:8:      layout_gridville, led_sif_book, okawaru_ov_weapons_minmay,
          nicolae_transmutations_shop, kennysheep_windowed_goal
D:9:      layout_irregular_city, serial_bayou_pond_d, laboratory
Temple:   hellmonk_temple_flake

Skill      XL: |  1  2  3  4  5  6  7  8  9 10 |
---------------+-------------------------------+-----
Axes           | 3 4 5 6 7 9 10 12 14 14 | 14.0
Dodging        | 1 2 3 3 |  3.0
Fighting       | 4 5 6 8 8 |  8.0
Armour         | 4 5 6 |  6.0
Shields        | 4 5 5 |  5.2
Throwing       | 1 |  1.3

Action                   |  1- 3 |  4- 6 |  7- 9 | 10-12 || total
-------------------------+-------+-------+-------+-------++-------
Melee: War axe           |    93 |    93 |   219 |    83 ||   488
       Headbutt          |     6 |    12 |    42 |    17 ||    77
Throw: Boomerang         |       |       |     9 |     7 ||    16
Invok: Sacrifice Stealth |       |       |     1 |       ||     1
       Sacrifice Skill   |       |       |       |     1 ||     1
  Use: Scroll            |     3 |     8 |     3 |     1 ||    15
       Potion            |       |     4 |     2 |       ||     6
 Stab: Petrifying        |       |       |     2 |       ||     2
       Confused          |       |       |     2 |       ||     2
       Paralysed         |       |       |     3 |       ||     3
Armor: Scale mail        |    36 |     4 |       |       ||    40
       Chain mail        |       |    42 |    93 |    26 ||   161
Dodge: Dodged            |    39 |    26 |    62 |    30 ||   157
Block: Buckler           |    26 |    22 |    57 |     9 ||   114

Table legend:
 A = Non-vault XP
 B = Vault XP
 C = Vault XP percentage of total XP
 D = Non-vault monster count
 E = Vault monster count
 F = Vault count percentage of total count
                 A         B        C        D         E       F
            +---------+---------+-------+---------+---------+-------
      Total |    6231 |    2495 |  28.6 |     179 |      18 |   9.1
            +---------+---------+-------+---------+---------+-------
        D:1 |      42 |       0 |   0.0 |      25 |       0 |   0.0
        D:2 |      64 |      23 |  26.4 |      22 |       5 |  18.5
        D:3 |     118 |     282 |  70.5 |      22 |       3 |  12.0
        D:4 |      48 |       0 |   0.0 |       7 |       0 |   0.0
        D:5 |     498 |       0 |   0.0 |      26 |       0 |   0.0
        D:6 |    1398 |       0 |   0.0 |      19 |       0 |   0.0
        D:7 |     386 |       0 |   0.0 |      13 |       0 |   0.0
        D:8 |    2032 |     455 |  18.3 |      23 |       3 |  11.5
        D:9 |    1645 |    1735 |  51.3 |      22 |       7 |  24.1
            +---------+---------+-------+---------+---------+-------
